 Dungeon Crawl Stone Soup version 0.21-a0-536-gdbbf329 (webtiles) character file.

72 KristoblXynda the Conjurer (level 4, -6/24 HPs)
             Began as a Deep Elf Conjurer on Dec 14, 2017.
             Mangled by an orc
             ... wielding a +0 trident
              (7 damage)
             ... on level 3 of the Dungeon.
             The game lasted 00:04:19 (1666 turns).

KristoblXynda the Conjurer (Deep Elf Conjurer)      Turns: 1666, Time: 00:04:20

Health: -6/24      AC:  3    Str:  5    XL:     4   Next: 6%
Magic:  0/12       EV: 13    Int: 21    God:
Gold:   73         SH:  0    Dex: 15    Spells: 4/12 levels left

rFire    . . .     SeeInvis .   o - +0 dagger
rCold    . . .     Gourm    .   (no shield)
rNeg     . . .     Faith    .   a - +0 robe
rPois    .         Spirit   .   (no helmet)
rElec    .         Reflect  .   (no cloak)
rCorr    .         Harm     .   s - +0 pair of gloves
MR       +....                  (no boots)
Stlth    ++........             (no amulet)
HPRegen  0.08/turn              k - ring of protection from magic
MPRegen  0.13/turn              n - ring of flight

@: no status effects
A: no striking features
a: Evoke Flight


You were on level 3 of the Dungeon.
You were not hungry.

You visited 1 branch of the dungeon, and saw 3 of its levels.

You collected 73 gold pieces.

Inventory:

Hand Weapons
 o - a +0 dagger (weapon)
Armour
 a - a +0 robe (worn)
 s - a +0 pair of gloves (worn)
Jewellery
 k - a ring of protection from magic (left hand)
 n - a ring of flight (right hand)
Wands
 r - a wand of paralysis (17)
Scrolls
 d - a scroll of remove curse
 m - a scroll of immolation {unknown}
Potions
 e - 3 potions of flight {unknown}
 g - a potion of curing {unknown}
 i - a potion of lignification {unknown}
 j - a potion of brilliance {unknown}
 l - a potion of ambrosia {unknown}
 q - a potion of heal wounds {unknown}
 u - a potion of invisibility {unknown}
Books
 b - a book of Conjurations

   Spells                             Type                      Level
   a - Magic Dart                     Conjuration                  1
   b - Searing Ray                    Conjuration                  2
   c - Dazzling Spray                 Conjuration/Hexes            3
   d - Fulminant Prism                Conjuration/Hexes            4
   e - Force Lance                    Conjuration/Translocation    4
   f - Iskenderun's Mystic Blast      Conjuration                  4
Comestibles
 c - 2 bread rations
 f - a royal jelly
 p - a chunk of flesh
 t - a meat ration


   Skills:
 - Level 2.4 Dodging
 - Level 2.4 Stealth
 + Level 4.7 Spellcasting
 + Level 5.3 Conjurations


You had 4 spell levels left.
You knew the following spells:

 Your Spells              Type           Power        Failure   Level  Hunger
a - Magic Dart            Conj           ####         1%          1    None
b - Dazzling Spray        Conj/Hex       ###...       11%         3    ##.....
c - Iskenderun's Mystic   Conj           ####....     12%         4    ####...


Dungeon Overview and Level Annotations

Branches:
Dungeon (3/15)

Altars:

Annotations:
D:3 Sigmund


Message History

Aim: an orc, wielding a trident and wearing a chain mail (moderately wounded)
The magic dart hits the orc.
The orc is severely wounded.
The goblin hits you but does no damage.
Casting: Magic Dart
Confirm with . or Enter, or press ? or * to list all spells.
Aiming: Magic Dart
Press: ? - help, Shift-Dir - straight line, f/p - orc
Aim: an orc, wielding a trident and wearing a chain mail (severely wounded)
The magic dart hits the orc.
The orc is severely wounded.
The orc hits you from afar with a trident!
The goblin barely misses you. The orc hits you with a trident!
* * * LOW HITPOINT WARNING * * *
The goblin closely misses you.
You barely miss the orc.
The orc is severely wounded.
The orc hits you with a trident!
You die...

..... ....
#######)..
#......).#
#......†.#
#........# ##.
#.....o..# ....
#...g@...##..###
#...(...........
#........##.#
#.?......#..
#..........#
#.............
#########.##...
.# .. ## .


You could see an orc and a goblin.

Vanquished Creatures
  An adder (D:2)
  An ooze (D:1)
  2 dart slugs
  4 leopard geckos
  An orc (D:3)
  10 bats
  4 giant cockroaches
  4 goblins
  6 hobgoblins
  5 frilled lizards (D:2)
  4 kobolds
  5 rats
47 creatures vanquished.

Notes
Turn   | Place    | Note
-------+----------+-------------------------------------------
     0 | D:1      | KristoblXynda the Deep Elf Conjurer began the quest for the Orb.
     0 | D:1      | Reached XP level 1. HP: 10/10 MP: 6/6
   180 | D:1      | Reached XP level 2. HP: 15/15 MP: 3/8
   985 | D:2      | Reached XP level 3. HP: 19/19 MP: 8/10
   999 | D:2      | Learned a level 3 spell: Dazzling Spray
  1001 | D:2      | Reached skill level 5 in Conjurations
  1354 | D:2      | Found a faded altar of an unknown god.
  1602 | D:3      | Noticed Sigmund
  1619 | D:3      | Reached XP level 4. HP: 23/24 MP: 9/12
  1649 | D:3      | Learned a level 4 spell: Iskenderun's Mystic Blast
  1665 | D:3      | HP: 1/24 [orc/trident (7)]
  1666 | D:3      | Mangled by an orc

Vault maps used:
D:1:      dpeg_arrival_boxorama, minmay_misc_feat_tower
D:2:      chequers_ecumenical_altar_island, serial_glass, glass_columns_b,
          glass_columns_a
D:3:      marbit_many_paths, nicolae_ru_the_path_less_chosen, first_bread,
          uniq_jessica, uniq_sigmund

Skill      XL: |  1  2  3 |
---------------+----------+-----
Spellcasting   | 4 |  4.7
Conjurations   | 5 |  5.3
Dodging        | |  2.4
Stealth        | |  2.4

Action                   |  1- 3 |  4- 6 || total
-------------------------+-------+-------++-------
Melee: Dagger            |    15 |     1 ||    16
 Cast: Magic Dart        |    84 |    13 ||    97
  Use: Scroll            |     6 |       ||     6
 Stab: Sleeping          |     1 |       ||     1
  Eat: Chunk             |     2 |       ||     2
Armor: Robe              |     5 |     1 ||     6
Dodge: Dodged            |    10 |     5 ||    15

Table legend:
 A = Spawn XP
 B = Non-spawn XP
 C = Spawn XP percentage of total XP
 D = Spawn monster count
 E = Non-spawn monster count
 F = Spawn count percentage of total count
 G = Total turns spent on level
                    A         B        C        D         E        F      G
               +---------+---------+-------+---------+---------+-------+---------
         Total |       0 |     103 |   0.0 |       0 |      47 |   0.0 |  1666
               +---------+---------+-------+---------+---------+-------+---------
           D:1 |       0 |      39 |   0.0 |       0 |      18 |   0.0 |   959
           D:2 |       0 |      52 |   0.0 |       0 |      24 |   0.0 |   632
           D:3 |       0 |      12 |   0.0 |       0 |       5 |   0.0 |    75
               +---------+---------+-------+---------+---------+-------+---------
